 Dungeon Crawl Stone Soup version 0.30-a0-528-g8c47a4955b (webtiles) character file.

Game seed: 12957695298260066511

955 kae the Conjurer (level 8, -1/41 HPs)
             Began as a Tengu Fire Elementalist on Dec 23, 2022.
             Killed from afar by a gnoll (9 damage)
             ... with a puff of flame
             ... on level 4 of the Dungeon.
             The game lasted 00:04:29 (4839 turns).

kae the Conjurer (Tengu Fire Elementalist)          Turns: 4839, Time: 00:04:29

Health: -1/41      AC:  4    Str:  9    XL:     8   Next: 14%
Magic:  6/15       EV: 14    Int: 18    God:
Gold:   283        SH:  0    Dex: 14    Spells: 9/15 levels left

rFire   . . .      SeeInvis .    c - +1 dagger (holy)
rCold   . . .      Faith    .    (no shield)
rNeg    . . .      Spirit   .    a - +0 robe
rPois   .          Reflect  .    (helmet restricted)
rElec   .          Harm     .    n - +1 cloak
rCorr   .          Rampage  .    (no gloves)
Will    .....                    (boots unavailable)
Stlth   ++                       (no amulet)
HPRegen 0.26/turn                (no ring)
MPRegen 0.14/turn                (no ring)

@: marked, flying quickly and evasively, quick
A: beak, talons 3, nimble flight
a: no special abilities


You were on level 4 of the Dungeon.
You visited 1 branch of the dungeon, and saw 4 of its levels.

You collected 283 gold pieces.


Innate Abilities, Weirdness & Mutations

You have a beak for a mouth.
You have claws for feet.
Your magical nature lets you fly swiftly and evasively.


   Skills:
 - Level 2.1 Dodging
 - Level 2.0 Stealth
 + Level 4.1 Spellcasting
 * Level 7.5 Conjurations
 * Level 7.1 Fire Magic


You had 9 spell levels left.
You knew the following spells:

 Your Spells              Type           Power      Damage    Failure   Level
a - Foxfire               Conj/Fire      100%       2x1d9     1%          1
b - Scorch                Fire           58%        2d8       1%          2
c - Inner Flame           Hex/Fire       16%        N/A       10%         3

Your spell library contained the following spells:

 Spells                   Type           Power      Damage    Failure   Level
 Flame Wave               Conj/Fire      30%        2d9       7%          4
 Kindle Blastsparks       Fire/Tloc/Air  24%        2d12      16%         3

Inventory:

Hand Weapons
 c - a +1 dagger of holy wrath (weapon)
   (You took it off a goblin on level 1 of the Dungeon)
 h - a +0 dagger of freezing
   (You took it off an orc wizard on level 3 of the Dungeon)
Missiles
 d - 53 stones
 j - 4 javelins
 l - 6 silver javelins
 o - 5 boomerangs
 q - 8 poisoned darts
Armour
 a - a +0 robe (worn)
 n - a +1 cloak (worn)
   (You found it on level 3 of the Dungeon)
Jewellery
 A - an amulet of the acrobat
   (You found it on level 4 of the Dungeon)
Scrolls
 f - 3 scrolls of immolation {!r!r}
 p - a scroll of poison {unknown}
 s - 3 scrolls of teleportation {unknown}
Potions
 b - a potion of magic
 e - a potion of degeneration {!q}
 g - 2 potions of heal wounds {@q2}
 i - 3 potions of attraction {unknown}
 k - a potion of experience {unknown}
 m - a potion of invisibility {unknown}
 r - a potion of haste {unknown}

Dungeon Overview and Level Annotations

Branches:
Dungeon (4/15) Zot: 19265
 Temple: D:4-7

Altars:

###.##.....##... ##.........
##...#..#. ##.####.#. #.........
#.........
########################........#
.............)..§......).........
P...~~~~~~~~≈≈~~@§~§vh~....~)~~≈~
....≈≈≈≈≈≈≈≈≈≈≈§≈≈§§≈≈)g...~≈≈~≈≈
....~≈#####≈~~~~§~≈~§g~o...))~≈≈~
....~≈#.oo#.......).).h....).....
...P~≈#...#############go')######
....~≈###'#... #.)).#
....~≈~.#..... #....# ....~≈~.#
#^). #...)#
....~≈~.#.##''#########g...#


You could see a hound (ally target), 3 gnolls, an orc and a jackal.


Message History

The howler monkey's fire resistance burns away.
The howler monkey barely misses you. 😎 MP[-2]
You lost 2 mp, and now have 12/15 mp.
Casting: Scorch (safe; 1% risk of failure)
Confirm with . or Enter, or press ? or * to list all spells.
Flames lash the jackal.
You kill the jackal!
The howler monkey hoots and howls with incredible vigour!
The howler monkey barely misses you.
The howler monkey is no longer more vulnerable to fire.
A gnoll comes into view.
It is wielding a +0 spear and carrying a wand of flame (10).
The howler monkey hoots and howls with incredible vigour! 😎 MP[-2]
You lost 2 mp, and now have 10/15 mp.
Casting: Scorch (safe; 1% risk of failure)
Confirm with . or Enter, or press ? or * to list all spells.
Flames lash the howler monkey.
The howler monkey's fire resistance burns away.
The howler monkey closely misses you.
The howler monkey hits you. 😕 HP[-5] MP[-1]
You take 5 damage, and now have 36/41 hp.
You lost 1 mp, and now have 9/15 mp.
Unknown command.
Casting: Scorch (safe; 1% risk of failure)
Confirm with . or Enter, or press ? or * to list all spells.
Flames lash the howler monkey.
The howler monkey is burned terribly!
You kill the howler monkey!
A hound comes into view.
The orc hits you with a +0 war axe.
A jackal comes into view. 😕 HP[-4] MP[-2]
You take 4 damage, and now have 32/41 hp.
You lost 2 mp, and now have 7/15 mp.
Casting: Scorch (safe; 1% risk of failure)
Confirm with . or Enter, or press ? or * to list all spells.
Flames lash the gnoll.
The gnoll's fire resistance burns away.
The orc barely misses you.
A gnoll comes into view. It is wielding a +0 halberd.
The gnoll barely misses you. The orc closely misses you.
The jackal bites you. 😕 HP[-1] MP[-2]
You take 1 damage, and now have 31/41 hp.
You lost 2 mp, and now have 5/15 mp.
The gnoll zaps a wand.
The puff of flame hits you. 😮 HP[-4]
You take 4 damage, and now have 27/41 hp.
The gnoll zaps a wand.
The puff of flame hits you!
* * * LOW HITPOINT WARNING * * *
😨 HP[-9] MP[+1]
You take 9 damage, and now have 18/41 hp.
MASSIVE DAMAGE!! (PAUSE)
The gnoll is no longer more vulnerable to fire.
The jackal closely misses you.
Things that are here:
a +0 whip; a gnoll corpse An orc comes into view.
It is wielding a +0 dagger.
An orc comes into view. It is wielding a +0 trident. 😨 HP[+1]
There is a large open door here.
You see here a +0 club.
The orc completely misses you. The orc closely misses you. 😨 MP[+1]
The orc barely misses you. 😨 HP[+1]
There is a huge open gate here.
Items here: )) [ ÷÷. 😮 HP[+1]
Items here: )) [[. 😮 MP[+1]
The gnoll zaps a wand.
The puff of flame hits you.
* * * LOW HITPOINT WARNING * * *
😨 HP[-5]
You take 5 damage, and now have 16/41 hp.
Casting: Scorch (safe; 1% risk of failure)
Confirm with . or Enter, or press ? or * to list all spells.
You conjure some foxfire!
You are engulfed in a cloud of scalding steam.
* * * LOW HITPOINT WARNING * * *
You are engulfed in a cloud of scalding steam.
* * * LOW HITPOINT WARNING * * *
The foxfire hits the orc!
You kill the orc!
The foxfire hits the gnoll! 😱 HP[-9] MP[-1]
You take 9 damage, and now have 7/41 hp.
MASSIVE DAMAGE!! (PAUSE)
You lost 1 mp, and now have 7/15 mp.
Casting: Foxfire (safe; 1% risk of failure)
Confirm with . or Enter, or press ? or * to list all spells.
You conjure some foxfire!
The foxfire hits the orc!
You kill the orc!
The gnoll zaps a wand.
The puff of flame hits you!
You die...

Skill      XL: |  1  2  3  4  5  6  7  8 |
---------------+-------------------------+-----
Conjurations   | 2 3 4 5 7 |  7.5
Fire Magic     | 4 5 6 7 |  7.1
Spellcasting   | 3 4 |  4.1
Dodging        | |  2.1
Stealth        | |  2.0

Action                   |  1- 3 |  4- 6 |  7- 9 || total
-------------------------+-------+-------+-------++-------
Melee: Kick              |    12 |       |       ||    12
       Unarmed           |     6 |       |       ||     6
       Peck              |     1 |       |       ||     1
       Dagger            |    25 |     4 |       ||    29
 Cast: Foxfire           |    33 |    54 |   100 ||   187
       Scorch            |    13 |    19 |    26 ||    58
       Inner Flame       |       |     3 |       ||     3
  Use: Scroll            |     2 |     3 |       ||     5
       Potion            |       |     2 |       ||     2
 Stab: Sleeping          |     2 |       |       ||     2
Armor: Robe              |     7 |     6 |     9 ||    22
Dodge: Dodged            |    23 |    33 |    38 ||    94

Levels and vault maps discovered:
D:1:      reono_arrival_mine, layout_loops_ring, minmay_heptomino_w4
D:2:      layout_rooms, reono_crystal_passage
D:3:      minmay_wonky_spiral, layout_basic, roderic_lattice_a, st_stairs_9,
          uniq_sigmund
D:4:      lemuel_castle_with_subvaults [lemuel_castle_interior_carwin_2],
          layout_cave_pools, hex_tiny, hangedman_feature_mirror

Notes
Turn   | Place    | Note
-------+----------+-------------------------------------------
     0 | D:1      | kae the Tengu Fire Elementalist began the quest for the
                  | Orb.
     0 | D:1      | Reached XP level 1. HP: 10/10 MP: 4/4
     0 | D:1      | magus.rc [v1.11.3]
    82 | D:1      | Reached skill level 2 in Conjurations
    82 | D:1      | Reached XP level 2. HP: 13/15 MP: 1/6
   457 | D:1      | Learned a level 2 spell: Scorch
   812 | D:2      | HP: 2/15 [worm (7)]
   836 | D:1      | Reached XP level 3. HP: 7/19 MP: 2/7
   903 | D:2      | Reached skill level 4 in Fire Magic
   998 | D:2      | HP: 4/19 [worm (10)]
  1215 | D:2      | Identified the +9 spear of Embarrassment {flame, Str+3
                  | Dex+4}
  1232 | D:2      | Reached skill level 3 in Conjurations
  1246 | D:1      | Reached XP level 4. HP: 12/24 MP: 0/8
  1790 | D:3      | Learned a level 3 spell: Inner Flame
  1790 | D:3      | Noticed Sigmund
  2059 | D:3      | Reached skill level 4 in Conjurations
  2059 | D:3      | Gained mutation: Your magical nature lets you fly swiftly
                  | and evasively. [Tengu growth]
  2059 | D:3      | Reached XP level 5. HP: 28/28 MP: 5/10
  2644 | D:3      | Killed Sigmund
  2645 | D:3      | Reached skill level 3 in Spellcasting
  2645 | D:3      | Reached skill level 5 in Conjurations
  2645 | D:3      | Reached skill level 5 in Fire Magic
  2645 | D:3      | Reached XP level 6. HP: 26/32 MP: 3/11
  3355 | D:4      | Reached XP level 7. HP: 36/36 MP: 9/13
  3590 | D:3      | Reached skill level 6 in Fire Magic
  3592 | D:3      | Reached skill level 6 in Conjurations
  4478 | D:4      | Reached skill level 7 in Conjurations
  4481 | D:4      | Reached skill level 4 in Spellcasting
  4610 | D:4      | Reached XP level 8. HP: 41/41 MP: 5/15
  4662 | D:4      | Reached skill level 7 in Fire Magic
  4835 | D:4      | HP: 7/41 [gnoll] (4)]
  4839 | D:4      | Killed from afar by a gnoll

Vanquished Creatures
  Sigmund (D:3)
  A necrophage (D:4)
  A gnoll sergeant (D:4)
  2 howler monkeys
  A jelly (D:4)
  2 orc priests (D:4)
  A gnoll bouda (D:4)
  2 hounds (D:4)
  An iguana (D:4)
  4 orc wizards
  11 gnolls
  5 adders
  An ufetubus (D:4)
  3 worms
  A dart slug (D:1)
  33 orcs
  4 ball pythons
  6 endoplasms
  A giant cockroach (D:3)
  6 hobgoblins
  15 jackals
  2 kobolds
  2 quokkas
  3 bats
  A frilled lizard (D:1)
  5 goblins
  5 rats
120 creatures vanquished.

Vanquished Creatures (others)
  336 foxfires
  3 plants (D:4)
339 creatures vanquished.

Grand Total: 459 creatures vanquished

Table legend:
 A = Non-vault XP
 B = Vault XP
 C = Vault XP percentage of total XP
 D = Non-vault monster count
 E = Vault monster count
 F = Vault count percentage of total count
                 A         B        C        D         E       F
            +---------+---------+-------+---------+---------+-------
      Total |     629 |     739 |  54.0 |      68 |      52 |  43.3
            +---------+---------+-------+---------+---------+-------
        D:1 |      60 |      12 |  16.7 |      13 |       6 |  31.6
        D:2 |      50 |       0 |   0.0 |      10 |       0 |   0.0
        D:3 |     169 |     292 |  63.3 |      21 |       8 |  27.6
        D:4 |     350 |     435 |  55.4 |      24 |      38 |  61.3
            +---------+---------+-------+---------+---------+-------

Illustrated notes

Table legend:
 A = Kills in this place as a percentage of kills in entire the game.
 B = Kills by you in this place as a percentage of kills by you in the entire game.
 C = Kills by friends in this place as a percentage of kills by friends in the entire game.
 D = Other kills in this place as a percentage of other kills in the entire game.
 E = Experience gained in this place as a percentage of experience gained in the entire game.
 F = Experience gained in this place divided by the number of levels of this place that you have seen.
                   A       B       C       D       E      F
               +-------+-------+-------+-------+-------+----------------------
         Total | 100.0 | 100.0 |   N/A |   N/A | 100.0 | 342.0
       Dungeon | 100.0 | 100.0 |   N/A |   N/A | 100.0 | 342.0
               +-------+-------+-------+-------+-------+----------------------

Table legend: (Time is in decaauts)
 A = Elapsed time spent in this place.
 B = Non-inter-level travel time spent in this place.
 C = Inter-level travel time spent in this place.
 D = Time resting spent in this place.
 E = Time spent auto-exploring this place.
 F = Levels seen in this place.
 G = Mean time per level.
                   A        B        C        D        E       F      G
               +--------+--------+--------+--------+--------+-----+--------+
         Total |   4733 |   4683 |     50 |    643 |   3071 |   4 | 1183.2 |
       Dungeon |   4733 |   4683 |     50 |    643 |   3071 |   4 | 1183.2 |
               +--------+--------+--------+--------+--------+-----+--------+

Top non-repeatable levels by time:
     D:3: 1511 daAuts
     D:4: 1312 daAuts
     D:1: 964 daAuts
     D:2: 946 daAuts
